 Dungeon Sprint DCSS version 0.21-a0-400-g417d9d2 (webtiles) character file.

1165 Amnesiac the Geomancer (level 8, 52/52 HPs)
             Began as a Demonspawn Earth Elementalist on Oct 20, 2017.
             Was a Believer of Dithmenos.
             Quit the game in the Dungeon (Sprint I: "Red Sonja").
             The game lasted 00:03:21 (984 turns).

Amnesiac the Geomancer (DsEE)                        Turns: 984, Time: 00:03:22

Health: 52/52      AC:  2    Str:  8    XL:     8   Next: 17%
Magic:  4/21       EV: 12    Int: 17    God:    Dithmenos [**....]
Gold:   467        SH:  4    Dex: 16    Spells: 10/25 levels left

rFire    + . .     SeeInvis .   n - +0 blowgun
rCold    . . .     Gourm    .   (no shield)
rNeg     . . .     Faith    .   c - +0 robe
rPois    .         Spirit   .   (no helmet)
rElec    .         Reflect  .   (no cloak)
rCorr    .         Harm     .   (no gloves)
MR       .....     NoTele   +   (no boots)
Stlth    ++........             (no amulet)
HPRegen  0.17/turn              (no ring)
MPRegen  0.17/turn              (no ring)

@: wreathed by umbra
A: hooves 1, large bone plates 1, fire resistance 1
a: Shadow Step, Renounce Religion


You were in the Dungeon.
You worshipped Dithmenos.
Dithmenos was pleased with you.
You were very hungry.

You visited 1 branch You collected 467 gold pieces.

Inventory:

Hand Weapons
 n - a +0 blowgun (weapon)
 o - a +1 short sword of venom
Missiles
 b - 12 stones
 l - 6 curare-tipped needles (quivered)
Armour
 c - a +0 robe (worn)
Scrolls
 i - a scroll of fog {!r, unknown}
 j - a scroll of blinking {!r}
Potions
 e - a potion of curing {!q}
 f - a potion of heal wounds {!q}
 g - a potion of haste {!q}
 h - 2 potions of magic {!q}
 m - a potion of berserk rage {!q}
Books
 k - a book of Geomancy

   Spells                             Type                      Level
   a - Sandblast                      Earth                        1
   b - Passwall                       Transmutation/Earth          2
   c - Stone Arrow                    Conjuration/Earth            3
   d - Petrify                        Transmutation/Earth          4
   e - Lee's Rapid Deconstruction     Earth                        5
Comestibles
 d - a bread ration


   Skills:
 - Level 5.6 Short Blades
 - Level 1.7 Dodging
 + Level 1.7 Stealth
 - Level 9.2 Spellcasting
 - Level 0.8 Transmutations
 - Level 12.6 Earth Magic


You had 10 spell levels left.
You knew the following spells:

 Your Spells              Type           Power        Failure   Level  Hunger
a - Sandblast             Erth           ######       1%          1    None
b - Passwall              Tmut/Erth      ####......   1%          2    None
c - Stone Arrow           Conj/Erth      ####..       1%          3    None
d - Lee's Rapid Deconstr  Erth           ######....   1%          5    #####..
e - Petrify               Tmut/Erth      ####....     5%          4    ###....


Dungeon Overview and Level Annotations

Branches:
Dungeon (1/1)

Altars:
Cheibriados
Dithmenos
Elyvilon
Fedhas
Gozag
Hepliaklqana
Kikubaaqudgha
Makhleb
Nemelex Xobeh
Okawaru
Qazlal
Ru
Sif Muna
Trog
Uskayaw
Vehumet
Wu Jian
Xom
Yredelemnul
Zin
The Shining One
Jiyva
Lugonu

Shops:
D }=


Innate Abilities, Weirdness & Mutations

You have large cloven feet.
You are partially covered in large bone plates. (SH +4)
Your flesh is heat resistant. (rF+)


Message History

Aim: a slime creature (umbra, chance to defeat MR: 41%)
The slime creature is moving more slowly.
The slime creature hits you!!
* * * LOW HITPOINT WARNING * * *
Unknown command.
There is an open door here.
The slime creature stops moving altogether!
Unknown command.
There is an open door here.
Things that are here:
a scythe; a robe You close the door.
You start resting.
Magic restored.
You start resting.
Magic restored.
You start resting.
You start resting.
HP restored.
You start resting.
You are feeling hungry.
You start resting.
HP restored.
There is an open door here.
Casting: Petrify
Confirm with . or Enter, or press ? or * to list all spells.
Aiming: Lee's Rapid Deconstruction
Press: ? - help, Dir - move target cursor The door shatters!
Unknown command.
You start resting.
Casting: Lee's Rapid Deconstruction
Confirm with . or Enter, or press ? or * to list all spells.
Aiming: Lee's Rapid Deconstruction
Press: ? - help, Dir - move target cursor The door shatters!
The blast of rock fragments hits the slime creature.
The slime creature is heavily wounded.
You are feeling very hungry.
Unknown command.
Casting: Lee's Rapid Deconstruction
Confirm with . or Enter, or press ? or * to list all spells.
Aiming: Lee's Rapid Deconstruction
Press: ? - help, Dir - move target cursor The wall shatters!
The blast of rock fragments hits the slime creature.
The slime creature is severely wounded.
Unknown command.
Unknown command.
Casting: Lee's Rapid Deconstruction
Confirm with . or Enter, or press ? or * to list all spells.
Aiming: Sandblast
Press: ? - help, Shift-Dir - straight line, f - slime creature
Aim: a slime creature (severely wounded)
The blast of sand hits the slime creature.
You kill the slime creature!
Dithmenos accepts your kill.
You can now step into the shadows of nearby creatures.
Your Short Blades skill gained 2 levels and is now at level 5!
You have reached level 8!
You feel agile.
Your demonic ancestry asserts itself...
Your feet thicken and deform.
b - 12 stones Are you sure you want to abandon this character and quit the game? (Confirm with "yes".)

###################
#<.#.)'..#..'.@#__#
#..[..#...).#..'..+
#..#####.#####'#__#
#..####..#...#)####
#..#__####..##.#
#..#_____##'#_.+
#⌠⌠#_.∩...'..._#
####_..__##_.#'#
#..#_____###'#.#


There were no monsters in sight!

Vanquished Creatures
  Sonja (D)
  A slime creature (D)
  Sigmund (D)
  A yak (D)
  An ogre (D)
  A jelly (D)
  Ijyb (D)
7 creatures vanquished.

Notes
Turn   | Place    | Note
-------+----------+-------------------------------------------
     0 | D        | Amnesiac the Demonspawn Earth Elementalist began the quest for the Orb.
     0 | D        | Reached XP level 1. HP: 13/13 MP: 3/3
     1 | D        | Noticed Ijyb
    19 | D        | Killed Ijyb
    19 | D        | Reached skill level 5 in Earth Magic
    19 | D        | Gained mutation: Your flesh is heat resistant. (rF+) [demonic ancestry]
    19 | D        | Reached XP level 2. HP: 10/19 MP: 1/6
   205 | D        | Noticed an ogre
   208 | D        | Killed an ogre
   208 | D        | Reached skill level 5 in Spellcasting
   208 | D        | Reached skill level 7 in Earth Magic
   208 | D        | Reached XP level 3. HP: 24/24 MP: 3/9
   208 | D        | Gained mutation: You are partially covered in large bone plates. (SH +4) [demonic ancestry]
   208 | D        | Reached XP level 4. HP: 30/30 MP: 3/11
   212 | D        | Learned a level 2 spell: Passwall
   216 | D        | Learned a level 3 spell: Stone Arrow
   326 | D        | Found a shadowy altar of Dithmenos.
   326 | D        | Found a sacrificial altar of Ru.
   326 | D        | Found a snail-covered altar of Cheibriados.
   326 | D        | Found an opulent altar of Gozag.
   326 | D        | Found a sparkling altar of Nemelex Xobeh.
   326 | D        | Found a basalt altar of Yredelemnul.
   326 | D        | Found a hide-covered altar of Uskayaw.
   326 | D        | Found a hazy altar of Hepliaklqana.
   326 | D        | Found an ancient bone altar of Kikubaaqudgha.
   326 | D        | Found Poajamolaf's Jewellery Emporium.
   326 | D        | Found a glowing golden altar of the Shining One.
   326 | D        | Found an iron altar of Okawaru.
   326 | D        | Found a bloodstained altar of Trog.
   326 | D        | Found a blossoming altar of Fedhas.
   326 | D        | Found a stormy altar of Qazlal.
   326 | D        | Found a white marble altar of Elyvilon.
   326 | D        | Found a glowing silver altar of Zin.
   326 | D        | Noticed a yak
   326 | D        | Became a worshipper of Dithmenos the Shadowed
   340 | D        | Noticed Sigmund
   344 | D        | Killed Sigmund
   344 | D        | Reached skill level 9 in Earth Magic
   344 | D        | Reached XP level 5. HP: 35/35 MP: 5/14
   351 | D        | Learned a level 5 spell: Lee's Rapid Deconstruction
   356 | D        | Learned a level 4 spell: Petrify
   414 | D        | Found a deep blue altar of Sif Muna.
   415 | D        | Found an ornate altar of the Wu Jian Council.
   416 | D        | Found a radiant altar of Vehumet.
   419 | D        | Reached * piety under Dithmenos
   419 | D        | Reached XP level 6. HP: 41/41 MP: 12/15
   548 | D        | Noticed Sonja
   555 | D        | Killed Sonja
   555 | D        | Reached skill level 12 in Earth Magic
   555 | D        | Reached XP level 7. HP: 46/46 MP: 7/19
   630 | D        | Killed a yak
   659 | D        | Found Zahiwo Peyts's Gadget Boutique.
   685 | D        | Found a viscous altar of Jiyva.
   685 | D        | Found a corrupted altar of Lugonu.
   685 | D        | Noticed a slime creature
   686 | D        | Found a burning altar of Makhleb.
   686 | D        | Found a shimmering altar of Xom.
   983 | D        | Killed a slime creature
   983 | D        | Reached ** piety under Dithmenos
   983 | D        | Reached skill level 5 in Short Blades
   983 | D        | Gained mutation: You have large cloven feet. [demonic ancestry]
   983 | D        | Reached XP level 8. HP: 52/52 MP: 4/21
   984 | D        | Quit the game

Vault maps used:
D:        dungeon_sprint_1

Skill      XL: |  1  2  3  4  5  6  7 |
---------------+----------------------+-----
Spellcasting   | 3 5 6 9 |  9.2
Earth Magic    | 5 7 9 12 | 12.6
Short Blades   | 5 |  5.6
Dodging        | |  1.7
Stealth        | |  1.7
Transmutations | |  0.8

Action                   |  1- 3 |  4- 6 |  7- 9 || total
-------------------------+-------+-------+-------++-------
Melee: Unarmed           |    14 |       |       ||    14
 Fire: Blowgun           |       |       |     1 ||     1
 Cast: Sandblast         |     4 |     9 |     5 ||    18
       Passwall          |       |     4 |       ||     4
       Petrify           |       |     1 |     3 ||     4
       Lee's Rapid Decon |       |       |     3 ||     3
  Use: Potion            |     1 |       |       ||     1
Dodge: Dodged            |     4 |     3 |       ||     7
Block: Other             |       |     1 |       ||     1

Table legend:
 A = Spawn XP
 B = Non-spawn XP
 C = Spawn XP percentage of total XP
 D = Spawn monster count
 E = Non-spawn monster count
 F = Spawn count percentage of total count
 G = Total turns spent on level
                    A         B        C        D         E        F      G
               +---------+---------+-------+---------+---------+-------+---------
         Total |       0 |    1665 |   0.0 |       0 |       7 |   0.0 |   984
               +---------+---------+-------+---------+---------+-------+---------
             D |       0 |    1665 |   0.0 |       0 |       7 |   0.0 |   984
               +---------+---------+-------+---------+---------+-------+---------
